 Dungeon Crawl Stone Soup version 0.24.0-123-gd5b16e6ec5 (webtiles) character file.

Game seed: 3985033214923227109, levelgen mode: deterministic

28800 canis the Impaler (level 13, -22/99 HPs)
             Began as a Merfolk Gladiator on Jan 22, 2020.
             Was a High Priest of Hepliaklqana.
             Killed from afar by an efreet (48 damage)
             ... with a fireball
             ... on level 14 of the Dungeon.
             The game lasted 00:35:12 (16213 turns).

canis the Impaler (Merfolk Gladiator)              Turns: 16213, Time: 00:35:13

Health: -22/99     AC: 23    Str: 20    XL:     13   Next: 41%
Magic:  14/14      EV:  9    Int:  7    God:    Hepliaklqana [*****.]
Gold:   882        SH:  5    Dex: 17    Spells: 12/12 levels left

rFire    x . .     SeeInvis +   a - +1 trident
rCold    + . .     Gourm    .   V - +0 buckler
rNeg     . . .     Faith    .   U - +4 plate armour
rPois    .         Spirit   .   (helmet restricted)
rElec    .         Reflect  .   k - +0 cloak
rCorr    .         Harm     .   m - +0 pair of gloves
MR       .....                  e - +1 pair of boots
Stlth    ..........             J - amulet of the acrobat
HPRegen  0.26/turn              K - ring of ice
MPRegen  0.14/turn              h - ring of see invisible

@: no status effects
A: change form in water, swift swim, stealthy swim, reduced essence, antennae 1,
agile 1, blurry vision 1, mutation resistance 1
a: Recall Ancestor, Ancestor Identity, Transference, Idealise, Renounce Religion


You were on level 14 of the Dungeon.
You worshipped Hepliaklqana.
Hepliaklqana was extremely pleased with you.
You were not hungry.

You visited 1 branch of the dungeon, and saw 14 of its levels.

You collected 882 gold pieces.

Inventory:

Hand Weapons
 a - a +1 trident (weapon)
Missiles
 d - 3 throwing nets
 j - 22 boomerangs (quivered)
 H - 32 poisoned darts
 X - 8 javelins
Armour
 e - a +1 pair of boots (worn)
 k - a +0 cloak (worn)
 m - a +0 pair of gloves (worn)
 s - a +2 helmet
 E - a +0 plate armour of poison resistance
 U - a +4 plate armour (worn)
 V - a +0 buckler (worn)
Jewellery
 h - a ring of see invisible (right hand)
 w - an uncursed ring of poison resistance
 C - an uncursed ring of magical power
 J - an amulet of the acrobat (around neck)
 K - a ring of ice (left hand)
Wands
 c - a wand of flame (8)
 v - a wand of polymorph (36)
 B - a wand of random effects (13)
 D - a wand of acid (13)
 O - a wand of paralysis (15)
 P - a wand of enslavement (13)
 Z - a wand of scattershot (6)
Scrolls
 b - 2 scrolls of fog
 i - 7 scrolls of teleportation
 p - a scroll of immolation
 r - a scroll of identify
 t - 2 scrolls of magic mapping
 u - 7 scrolls of remove curse
 x - 3 scrolls of enchant armour
 y - 2 scrolls of fear
 W - a scroll of vulnerability
Potions
 l - 2 potions of agility
 n - 2 potions of brilliance
 o - a potion of berserk rage
 q - 3 potions of haste
 z - a potion of lignification
 G - 2 potions of magic
 I - 2 potions of might
 M - a potion of flight
 N - a potion of resistance
 Q - a potion of curing
Comestibles
 f - 27 rations


   Skills:
 + Level 13.0 Fighting
 - Level 17.3 Polearms
 + Level 5.5 Throwing
 + Level 9.5 Armour
 - Level 4.4 Dodging
 - Level 0.2 Stealth
 + Level 3.5 Shields
 + Level 1.4 Evocations


You had 12 spell levels left.
You didn't know any spells.
Your spell library contained the following spells:

 Spells                   Type           Power        Failure   Level  Hunger
 Animate Skeleton         Necr           N/A          100%        1    ##.....
 Flame Tongue             Conj/Fire      #....        100%        1    ##.....
 Pain                     Necr           #...         100%        1    ##.....
 Throw Flame              Conj/Fire      #.....       100%        2    ###....
 Conjure Flame            Conj/Fire      #.......     100%        3    ####...
 Inner Flame              Hex/Fire       #.......     100%        3    ####...
 Regeneration             Chrm/Necr      #.........   100%        3    ####...
 Vampiric Draining        Necr           #.........   100%        3    ####...
 Animate Dead             Necr           N/A          100%        4    #####..
 Sticky Flame             Conj/Fire      #.......     100%        4    #####..
 Fireball                 Conj/Fire      #.........   100%        5    ######.


Dungeon Overview and Level Annotations

Branches:
Dungeon (14/15)            Temple (0/1) D:5            Lair (0/6) D:9
    Orc (0/2) D:9
 Vaults: D:13-14

Altars:
Ashenzari
Cheibriados
Hepliaklqana
Nemelex Xobeh
Okawaru
Ru
The Shining One
Beogh

Annotations:
D:2 exclusion: downstairs
D:9 1 runed translucent door, Dayf's ghost, novice TeAE
D:10 exclusion: 2 downstairs
D:11 exclusion: downstairs


Innate Abilities, Weirdness & Mutations

You revert to your normal form in water.
You are very nimble and swift while swimming.
You are very stealthy in the water. (Stealth+)
Your life essence is reduced to manifest your ancestor. (-10% HP)
You have a pair of small antennae on your head.
You are agile. (Dex +2)
Scrolls take you a little longer to read.
You are somewhat resistant to further mutation.


Message History

You hit the efreet but do no damage.
The efreet is moderately wounded.
Mirna closely misses the efreet.
You hit the efreet.
The efreet is moderately wounded.
The efreet gestures at you. The bolt of fire hits you!!
The fire burns you terribly!
* * * LOW HITPOINT WARNING * * *
Mirna hits the efreet with a +0 dagger of draining!
You hit the efreet but do no damage.
The efreet is severely wounded.
You hit the efreet but do no damage.
The efreet is severely wounded.
Mirna hits the efreet with a +0 dagger of draining!
The efreet gestures at Mirna.
The fireball explodes!
The fireball engulfs Mirna!
Mirna resists.
The fireball engulfs the efreet.
The efreet completely resists.
The fireball engulfs you!!! The fire burns you terribly!
You die...

#......#
####'#######
###'#### #..
#..# ##'
#.#########
#.......#.#
#.###.#.#.# #
#.#...#.".##.#
#.#.#####R...#
#.#.#...R@####
#.# #####.#
#.# #.# ## #.#
#.# ###


You could see the friendly Mirna the hexer and an efreet.

Vanquished Creatures
  Kirke (D:12)
  Snorg (D:12)
  3 hydras
  A vault guard (D:14)
  2 centaur warriors
  2 two-headed ogres (D:10)
  3 unseen horrors
  A wolf spider zombie (D:12)
  A cyclops (D:14)
  2 ugly things
  A manticore (D:14)
  A deep elf mage (D:14)
  6 centaur zombies
  Psyche (D:9)
  A kobold demonologist (D:14)
  A freezing wraith (D:14)
  A komodo dragon (D:14)
  A troll (D:12)
  3 meliai (D:13)
  A hornet (D:14)
  7 hippogriffs
  A vampire (D:12)
  A wraith (D:10)
  A wyvern (D:12)
  2 hungry ghosts
  7 hogs
  3 humans
  Menkaure (D:7)
  An acid dragon (D:14)
  A soldier ant (D:12)
  3 ice beasts
  A sky beast (D:7)
  A black bear (D:9)
  7 orc warriors
  3 phantoms
  5 ogres
  A necrophage (D:10)
  7 centaurs
  4 big kobolds
  4 bullfrogs
  A gnoll sergeant (D:9)
  A wyvern zombie (D:12)
  6 scorpions
  5 killer bees (D:8)
  4 wights
  4 electric eels (D:9)
  A hexer (D:12)
  4 crimson imps
  6 hounds
  A bullfrog zombie (D:7)
  2 jellies
  2 quasits
  11 orc priests
  2 centaur skeletons
  2 bullfrog skeletons
  10 worker ants
  An iguana (D:6)
  11 orc wizards
  3 gnolls (D:9)
  A worker ant zombie (D:7)
  9 adders
  4 shadow imps
  A worm (D:2)
  3 dart slugs
  3 leopard geckos
  56 orcs
  8 giant cockroaches
  7 goblins
  10 hobgoblins
  4 jackals
  17 kobolds
  3 quokkas
  2 ball pythons (D:1)
  8 bats
  3 frilled lizards
  A jackal zombie (D:9)
  A leopard gecko skeleton (D:8)
  2 quokka skeletons
  13 rats
328 creatures vanquished.

Vanquished Creatures (collateral kills)
  A two-headed ogre (D:9)
  An unseen horror (D:13)
  A cyclops (D:14)
  A centaur skeleton (D:10)
  A hippogriff (D:10)
  A human (D:14)
  A hungry ghost (D:7)
  A phantom (D:4)
  2 ogres
  2 sky beasts (D:8)
  4 ice beasts
  A centaur (D:11)
  A big kobold (D:10)
  2 bullfrogs
  A scorpion (D:9)
  A wight (D:12)
  A howler monkey (D:6)
  A crimson imp (D:7)
  A hound (D:11)
  A jelly (D:9)
  An iguana (D:4)
  A worker ant (D:5)
  7 orc wizards
  An adder (D:5)
  2 gnolls (D:9)
  An adder zombie (D:5)
  An adder skeleton (D:9)
  A worm (D:4)
  A leopard gecko (D:5)
  12 orcs
  2 jackals (D:4)
  A kobold (D:10)
  A quokka (D:6)
58 creatures vanquished.

Vanquished Creatures (others)
  2 humans
  An eye of draining (D:13)
  An ancestor (D:6)
  18 hexers
22 creatures vanquished.

Grand Total: 408 creatures vanquished

Notes
Turn   | Place    | Note
-------+----------+-------------------------------------------
     0 | D:1      | canis the Merfolk Gladiator began the quest for the Orb.
     0 | D:1      | Reached XP level 1. HP: 16/16 MP: 1/1
    59 | D:1      | Reached XP level 2. HP: 5/22 MP: 2/2
   502 | D:1      | Reached skill level 5 in Polearms
   595 | D:1      | Reached XP level 3. HP: 27/27 MP: 3/3
  1431 | D:2      | Reached XP level 4. HP: 23/34 MP: 4/4
  1538 | D:2      | Reached skill level 6 in Polearms
  1749 | D:2      | Reached skill level 1 in Armour
  2096 | D:3      | Noticed an ogre
  2222 | D:3      | Noticed a big kobold
  2222 | D:3      | an ogre changed into a big kobold
  2252 | D:3      | Killed a big kobold
  2252 | D:3      | Reached skill level 7 in Polearms
  2252 | D:3      | Reached XP level 5. HP: 27/40 MP: 5/5
  2540 | D:3      | Found a glowing golden altar of the Shining One.
  2540 | D:3      | Found an iron altar of Okawaru.
  2586 | D:3      | Found a sacrificial altar of Ru.
  2844 | D:4      | Found a hazy altar of Hepliaklqana.
  2847 | D:4      | Became a worshipper of Hepliaklqana the Forgotten
  2890 | D:4      | Reached XP level 6. HP: 41/42 MP: 6/6
  3157 | D:4      | Noticed a phantom
  3204 | D:4      | Killed a phantom
  3204 | D:4      | Reached skill level 8 in Polearms
  3571 | D:5      | Entered Level 5 of the Dungeon
  3593 | D:5      | Reached skill level 9 in Polearms
  3593 | D:5      | Reached XP level 7. HP: 43/47 MP: 7/7
  3637 | D:5      | Found a shattered altar of Ashenzari.
  3712 | D:5      | Reached * piety under Hepliaklqana
  3801 | D:5      | Found a staircase to the Ecumenical Temple.
  3833 | D:5      | Found a sparkling altar of Nemelex Xobeh.
  4192 | D:6      | Reached skill level 10 in Polearms
  4192 | D:6      | Reached XP level 8. HP: 22/54 MP: 8/8
  4300 | D:6      | Found a snail-covered altar of Cheibriados.
  4432 | D:6      | Reached skill level 5 in Fighting
  4465 | D:6      | Gained mutation: Scrolls take you a little longer to read.
                  | [potion of mutation]
  4465 | D:6      | Gained mutation: You are agile. (Dex +2) [potion of
                  | mutation]
  4465 | D:6      | Gained mutation: You have a pair of small antennae on your
                  | head. [potion of mutation]
  4465 | D:6      | Gained mutation: You are somewhat resistant to further
                  | mutation. [potion of mutation]
  4542 | D:6      | Reached skill level 11 in Polearms
  4905 | D:6      | Reached ** piety under Hepliaklqana
  4906 | D:6      | Remembered your ancestor Mirna as a hexer
  5127 | D:7      | Noticed Menkaure
  5145 | D:7      | Killed Menkaure
  5145 | D:7      | Reached skill level 12 in Polearms
  5395 | D:7      | Reached XP level 9. HP: 62/62 MP: 9/9
  5828 | D:7      | Reached skill level 13 in Polearms
  6498 | D:8      | HP: 1/63 [killer bee (6)]
  7284 | D:9      | Noticed Psyche
  7296 | D:9      | Killed Psyche
  7296 | D:9      | Reached skill level 14 in Polearms
  7296 | D:9      | Reached skill level 5 in Armour
  7296 | D:9      | Reached XP level 10. HP: 71/71 MP: 10/10
  7666 | D:9      | Found a staircase to the Lair.
  7750 | D:9      | Reached *** piety under Hepliaklqana
  7795 | D:9      | Found a roughly hewn altar of Beogh.
  7795 | D:9      | Found a staircase to the Orcish Mines.
  8138 | D:9      | Noticed a two-headed ogre
  8146 | D:9      | Killed a two-headed ogre
  8378 | D:9      | Found a runed translucent door.
  8379 | D:9      | Noticed Dayf's ghost (novice TeAE)
  8380 | D:9      | Found the +2 cloak of the Thief {+Fog Slay-2 SInv Stlth+}
  8867 | D:9      | Reached skill level 15 in Polearms
  9241 | D:10     | Entered Level 10 of the Dungeon
  9286 | D:10     | Reached XP level 11. HP: 68/80 MP: 11/11
  9320 | D:10     | Noticed a two-headed ogre
  9338 | D:10     | Killed a two-headed ogre
  9456 | D:10     | Noticed a two-headed ogre
  9469 | D:10     | Killed a two-headed ogre
  9626 | D:10     | Noticed an eight-headed hydra
  9645 | D:10     | Killed an eight-headed hydra
  9645 | D:10     | Reached skill level 16 in Polearms
 10313 | D:10     | Reached **** piety under Hepliaklqana
 10511 | D:11     | Noticed an unseen horror
 10522 | D:11     | Killed an unseen horror
 10522 | D:11     | Reached skill level 10 in Fighting
 11492 | D:11     | Identified the +10 falchion "Aqayt" {drain, rElec Stlth+}
 11498 | D:11     | Noticed a purple ugly thing
 11519 | D:11     | Killed a purple ugly thing
 11794 | D:12     | Noticed an unseen horror
 11816 | D:12     | Reached XP level 12. HP: 87/89 MP: 12/12
 11838 | D:12     | Reached skill level 17 in Polearms
 11838 | D:12     | Reached skill level 1 in Shields
 11872 | D:12     | Noticed Snorg
 12075 | D:12     | Noticed an eight-headed hydra
 12580 | D:12     | Reached skill level 1 in Evocations
 12845 | D:12     | Killed Snorg
 13469 | D:13     | Noticed Kirke
 13599 | D:12     | Killed Kirke
 14211 | D:13     | Reached skill level 5 in Throwing
 14388 | D:13     | Noticed a four-headed hydra
 14405 | D:13     | Killed a four-headed hydra
 14489 | D:13     | Reached XP level 13. HP: 90/97 MP: 14/14
 14572 | D:13     | Reached ***** piety under Hepliaklqana
 14591 | D:14     | Found a glowing golden altar of the Shining One.
 15905 | D:14     | Noticed a vault guard
 15943 | D:14     | Killed a vault guard
 16213 | D:14     | Killed from afar by an efreet

Levels and vault maps discovered:
D:1:      minmay_arrival_statue_studded, layout_basic
D:2:      layout_basic, first_ration
D:3:      layout_rooms, nicolae_overflow_hidden_temple, minmay_pentangle
D:4:      layout_basic, lemuel_doored_altar
D:5:      layout_cave_pools, lemuel_round_altar,
          minmay_temple_entry_purple_smoke, evilmike_ruin_ashenzari
D:6:      layout_cave_pools, basic_altar, serial_column_ruins, column_ruins_hut,
          column_ruins_open_medium, column_ruins_open_tiny,
          column_ruins_corridor_corner, column_ruins_open_medium
D:7:      layout_basic, uniq_menkaure
D:8:      layout_loops_cross
D:9:      layout_rooms, lair_entry_dummy, david_orc_5,
          ebering_ghost_inner_flame, grunt_livestock, minmay_misc_feat_plants,
          water_maze_lemuel, uniq_psyche
D:10:     layout_grid_maze, minivault_23
D:11:     layout_basic
D:12:     layout_rooms, uniq_snorg
D:13:     layout_irregular_city, lemuel_old_faithful, uniq_kirke
D:14:     layout_roguey, ximxim_vaults_locker_room, basic_altar, serial_glass,
          glass_columns_c, glass_columns_b

Skill      XL: |  1  2  3  4  5  6  7  8  9 10 11 12 13 |
---------------+----------------------------------------+-----
Polearms       | 5 7 9 10 12 14 15 16 17 | 17.3
Armour         | 1 2 3 5 6 7 8 9 |  9.5
Fighting       | 3 4 5 7 9 10 12 13 | 13.0
Throwing       | 3 4 5 |  5.5
Shields        | 2 3 |  3.5
Evocations     | 1 |  1.4
Dodging        | |  4.4
Stealth        | |  0.2

Action                   |  1- 3 |  4- 6 |  7- 9 | 10-12 | 13-15 || total
-------------------------+-------+-------+-------+-------+-------++-------
Melee: Trident           |   140 |   200 |   383 |   940 |   196 ||  1859
       Tailslap          |       |       |       |     1 |       ||     1
Throw: Dart              |       |       |     5 |    36 |       ||    41
       Boomerang         |       |       |       |       |     2 ||     2
Invok: Ancestor Life: He |       |       |     1 |       |       ||     1
       Recall Ancestor   |       |       |     1 |       |       ||     1
Evoke: Wand              |       |     2 |       |     3 |       ||     5
  Use: Scroll            |       |       |    12 |    12 |     2 ||    26
       Potion            |       |       |     5 |     4 |       ||     9
 Stab: Sleeping          |     2 |       |       |       |       ||     2
       Distracted        |       |     1 |     6 |     9 |     2 ||    18
       Invisible         |       |       |     4 |       |       ||     4
       Confused          |       |       |     1 |    27 |     4 ||    32
  Eat: Chunk             |     2 |     7 |    10 |    25 |     6 ||    50
Armor: Leather armour    |    23 |       |       |       |       ||    23
       Chain mail        |    23 |    48 |       |       |       ||    71
       Plate armour      |       |    43 |   127 |   339 |    59 ||   568
Dodge: Dodged            |    91 |    52 |    75 |   209 |    30 ||   457
Block: Buckler           |       |       |       |    51 |    12 ||    63
